 Dungeon Crawl Stone Soup version 0.30-a0-331-g8ab09dc110 (webtiles) character file.

Game seed: 4306868077567875255

1243 porpoise the Trooper (level 8, -13/62 HPs)
             Began as a Djinni Fire Elementalist on Oct 29, 2022.
             Was a Follower of Makhleb.
             Mangled by an ice beast (15 damage)
             ... on level 6 of the Dungeon on Oct 30, 2022.
             The game lasted 00:22:34 (5057 turns).

porpoise the Trooper (Djinni Fire Elementalist)     Turns: 5057, Time: 00:22:35

Health: -13/62     AC:  6    Str:  7    XL:     8   Next: 79%
Gold:   277        EV: 12    Int: 19    God:    Makhleb [*.....] SH:  0 Dex: 14

rFire   + + .      SeeInvis .    a - +1 short sword (venom)
rCold   x . .      Faith    .    (no shield)
rNeg    . . .      Spirit   .    c - +0 robe
rPois   ∞          Reflect  .    f - +2 helmet
rElec   .          Harm     .    (no cloak)
rCorr   +          Rampage  .    n - +0 pair of gloves
Will    .....                    (boots unavailable)
Stlth   ++........               (no amulet)
HPRegen 0.30/turn                h - ring of resist corrosion
MPRegen 0.00/turn                z - ring of wizardry

@: flying
A: sickness immunity, fire resistance 2, cold vulnerability 1, float, innate
caster, HP casting, extra vitality 1
a: Renounce Religion


You were on level 6 of the Dungeon.
You worshipped Makhleb.
Makhleb was aware of your devotion.
You visited 2 branches of the dungeon, and saw 7 of its levels.

You collected 277 gold pieces.

Inventory:

Hand Weapons
 a - a +1 short sword of venom (weapon)
 b - a +0 sling
 w - a +2 dagger of freezing
Missiles
 m - 6 javelins
 r - 6 boomerangs
 u - 3 datura-tipped darts
 v - 15 poisoned darts
 B - 5 curare-tipped darts (quivered)
Armour
 c - a +0 robe (worn)
 f - a +2 helmet (worn)
 n - a +0 pair of gloves (worn)
Jewellery
 h - a ring of resist corrosion (left hand)
 z - a ring of wizardry (right hand)
Wands
 g - a wand of paralysis (6)
 p - a wand of flame (37)
Scrolls
 d - 4 scrolls of teleportation
 j - a scroll of enchant armour {unknown}
 k - a scroll of blinking
 o - a scroll of brand weapon
 s - a scroll of amnesia {unknown}
 t - a scroll of identify
 x - a scroll of immolation {unknown}
 y - a scroll of magic mapping {unknown}
 A - a scroll of noise {unknown}
Potions
 e - a potion of brilliance
 i - 2 potions of mutation
 l - a potion of might
 q - 3 potions of curing


   Skills:
 + Level 6.9 Fighting
 - Level 2.1 Dodging
 - Level 1.5 Stealth
 + Level 5.9 Spellcasting


You couldn't memorise any spells.
You knew the following spells:

 Your Spells              Type           Power      Damage    Failure   Level
a - Foxfire               Conj/Fire      100%       2x1d9     1%          1
b - Scorch                Fire           56%        2d8       1%          2
c - Kindle Blastsparks    Fire/Tloc/Air  56%        2d14      1%          3
d - Inner Flame           Hex/Fire       28%        N/A       1%          3
e - Flame Wave            Conj/Fire      28%        2d9       4%          4
f - Beastly Appendage     Tmut           56%        N/A       1%          1
g - Poisonous Vapours     Pois/Air       56%        N/A       1%          2
h - Tukima's Dance        Hex            28%        N/A       1%          3
Your spell library was empty.

Dungeon Overview and Level Annotations

Branches:
Dungeon (6/15)             Temple (1/1) D:4

Altars:
Ashenzari
Cheibriados
Elyvilon
Fedhas
Gozag
Hepliaklqana
Makhleb
Nemelex Xobeh
Okawaru
Ru
Trog
Uskayaw
Xom
Yredelemnul
Zin

Annotations:
D:5 dig


Innate Abilities, Weirdness & Mutations

You are immune to sickness and miasma.
You are immune to poison.
Your flesh is very heat resistant. (rF++)
You are vulnerable to cold. (rC-)
You float through the air rather than walking.
You learn spells naturally, not from books.
Your magical power is your life essence.
You have superior vitality. (+4 MHP)


Message History

Something hits you.
Your magical contamination has completely faded away.
You hit something but do no damage. Something hits you.
The ice beast closely misses you.
Casting: Foxfire (safe; 1% risk of failure)
Confirm with . or Enter, or press ? or * to list all spells.
You conjure some foxfire!
Something hits you. The ice beast barely misses you.
You hit the ice beast but do no damage.
The ice beast is moderately wounded.
The foxfire hits the ice beast but does no damage.
The ice beast is moderately wounded.
The foxfire hits the ice beast.
The ice beast melts!
The ice beast is heavily wounded.
The ice beast closely misses you. Something hits you.
Casting: Foxfire (safe; 1% risk of failure)
Confirm with . or Enter, or press ? or * to list all spells.
You conjure some foxfire!
Something hits you! Something hits you but does no damage.
The ice beast hits you but does no damage.
You barely miss the ice beast.
The ice beast is heavily wounded.
The foxfire hits something but does no damage.
The foxfire hits something.
Something hits you but does no damage.
The ice beast hits you but does no damage.
You hit the ice beast.
The ice beast is heavily wounded.
Something hits you. The ice beast hits you. The ice beast freezes you!!
You feel a terrible chill!
* * * LOW HITPOINT WARNING * * *
Casting: Foxfire (safe; 1% risk of failure)
Confirm with . or Enter, or press ? or * to list all spells.
You conjure some foxfire!
* * * LOW HITPOINT WARNING * * *
Something hits you!
* * * LOW HITPOINT WARNING * * *
The ice beast hits you but does no damage.
The ice beast attacks as you move away! The ice beast hits you.
* * * LOW HITPOINT WARNING * * *
The ice beast freezes you!
You feel a terrible chill!
You die...

..............
.....#.................
.#....#.............#...
...)..............###..
....... ..............
#..... ##..###.......
..##...(###....##.......
#......Y.##...###.......
#......@v##...##..P♣....
#.......v#....##...P....
##............#...P.....
#............#..♣♣.....
##....#..............#.
#....###.............#.
##... ##.#.....#...###
#### #.#)....#..## #
####...##...#


You could see an ice beast (ally target).

Vanquished Creatures
  Sigmund (D:6)
  2 black bears
  2 ogres
  A centaur (D:5)
  A kobold brigand (D:5)
  2 scorpions
  A hound (D:4)
  2 jellies
  2 iguanas
  An orc wizard (D:5)
  Robin (D:3)
  10 adders
  A shadow imp (D:5)
  A white imp (D:5)
  A worm (D:3)
  A dart slug (D:3)
  7 orcs
  4 ball pythons
  3 endoplasms (D:1)
  5 giant cockroaches
  18 goblins
  6 hobgoblins
  3 jackals (D:3)
  10 kobolds
  2 quokkas (D:5)
  5 bats
  15 frilled lizards
  5 rats
113 creatures vanquished.

Vanquished Creatures (collateral kills)
  An ogre (D:5)
1 creature vanquished.

Vanquished Creatures (others)
  257 foxfires
  4 plants (D:4)
261 creatures vanquished.

Grand Total: 375 creatures vanquished

Notes
Turn   | Place    | Note
-------+----------+-------------------------------------------
     0 | D:1      | porpoise the Djinni Fire Elementalist began the quest for
                  | the Orb.
     0 | D:1      | porpoise set off with the following spells memorised:
                  | Foxfire, Scorch, Kindle Blastsparks, Inner Flame, Flame
                  | Wave.
     0 | D:1      | Reached XP level 1. HP: 15/15 MP: 0/0
    89 | D:1      | Reached skill level 1 in Fighting
    89 | D:1      | Reached XP level 2. HP: 21/22 MP: 0/0
   470 | D:1      | Reached XP level 3. HP: 14/27 MP: 0/0
   470 | D:1      | Learned a level 1 spell: Beastly Appendage
  1211 | D:2      | Reached skill level 2 in Fighting
  1291 | D:2      | Reached XP level 4. HP: 30/33 MP: 0/0
  1802 | D:3      | Reached XP level 5. HP: 33/40 MP: 0/0
  1802 | D:3      | Learned a level 2 spell: Poisonous Vapours
  2049 | D:3      | Reached skill level 3 in Fighting
  2200 | D:3      | Noticed Robin
  2233 | D:3      | Killed Robin
  2814 | D:4      | Found a staircase to the Ecumenical Temple.
  2832 | Temple   | Entered the Ecumenical Temple
  2889 | Temple   | Became a worshipper of Makhleb the Destroyer
  3083 | D:4      | Reached XP level 6. HP: 39/46 MP: 0/0
  3447 | D:5      | Entered Level 5 of the Dungeon
  3457 | D:5      | Found an opulent altar of Gozag.
  3483 | D:5      | Noticed a black bear
  3507 | D:5      | Killed a black bear
  3508 | D:5      | Reached skill level 4 in Fighting
  3755 | D:5      | Reached XP level 7. HP: 44/53 MP: 0/0
  3755 | D:5      | Learned a level 3 spell: Tukima's Dance
  4032 | D:5      | Reached skill level 5 in Fighting
  4040 | D:5      | Reached * piety under Makhleb
  4209 | D:5      | Reached skill level 5 in Spellcasting
  4209 | D:5      | Reached XP level 8. HP: 58/61 MP: 0/0
  4794 | D:6      | Reached skill level 6 in Fighting
  5010 | D:6      | Noticed Sigmund
  5026 | D:6      | Killed Sigmund
  5056 | D:6      | HP: 3/62 [something (9)]
  5057 | D:6      | Mangled by an ice beast

Illustrated notes

Levels and vault maps discovered:
D:1:      saegor_arrival_fortress, layout_loops_cross
D:2:      layout_basic, corexii_shack
D:3:      kennysheep_goblin_castle, layout_rooms
D:4:      layout_basic, minmay_temple_entry_mini_moons, minmay_lizard_king
D:5:      layout_gridville, kennysheep_mini_moat, due_unseen_surprise
D:6:      layout_cave_pools, minmay_misc_feat_rows, serial_park_tiny_2,
          solitary_fountain, hangedman_abyss_or_decor_stabs, uniq_grinder,
          uniq_blork_the_orc, uniq_prince_ribbit1, uniq_sigmund
Temple:   hellmonk_temple_of_storms

Skill      XL: |  1  2  3  4  5  6  7  8 |
---------------+-------------------------+-----
Fighting       | 1 2 3 4 5 6 |  6.9
Spellcasting   | 3 4 5 |  5.9
Dodging        | |  2.1
Stealth        | |  1.5

Action                   |  1- 3 |  4- 6 |  7- 9 || total
-------------------------+-------+-------+-------++-------
Melee: Unarmed           |     2 |       |       ||     2
       Dagger            |    12 |       |       ||    12
       Short sword       |     4 |    27 |    22 ||    53
Throw: Dart              |       |       |     7 ||     7
 Cast: Foxfire           |    43 |    65 |    45 ||   153
       Scorch            |     5 |    15 |    12 ||    32
       Kindle Blastspark |       |     6 |     1 ||     7
       Tukima's Dance    |       |       |     3 ||     3
  Use: Scroll            |       |     8 |     1 ||     9
       Potion            |       |     2 |       ||     2
Armor: Robe              |     4 |     9 |    10 ||    23
Dodge: Dodged            |    14 |    34 |    15 ||    63

Table legend: (Time is in decaauts)
 A = Elapsed time spent in this place.
 B = Non-inter-level travel time spent in this place.
 C = Inter-level travel time spent in this place.
 D = Time resting spent in this place.
 E = Time spent auto-exploring this place.
 F = Levels seen in this place.
 G = Mean time per level.
                   A        B        C        D        E       F      G
               +--------+--------+--------+--------+--------+-----+--------+
         Total |   5056 |   4904 |    152 |   1462 |   2525 |   7 |  722.3 |
       Dungeon |   4992 |   4856 |    136 |   1462 |   2503 |   6 |  832.0 |
        Temple |     63 |     47 |     16 |      0 |     22 |   1 |   63.0 |
               +--------+--------+--------+--------+--------+-----+--------+

Top non-repeatable levels by time:
     D:5: 1100 daAuts
     D:3: 1060 daAuts
     D:1: 1000 daAuts
     D:4: 801 daAuts
     D:2: 731 daAuts
     D:6: 298 daAuts
  Temple: 63 daAuts
